 Dungeon Crawl Stone Soup version 0.17.1-3-g152610e (webtiles) character file.

82 Urist the Magician (level 4, 0/35 HPs)
             Began as a Draconian Wanderer on Apr 7, 2016.
             Killed from afar by Sigmund (4 damage)
             ... with a magic dart
             ... on level 3 of the Dungeon.
             The game lasted 00:07:16 (1806 turns).

Urist the Magician (Draconian Wanderer)             Turns: 1806, Time: 00:07:16

Health: 0/35       AC:  5    Str: 15    XL:     4   Next: 21%
Magic:  5/8        EV: 12    Int: 14    God:
Gold:   132        SH:  0    Dex:  9    Spells: 1 memorised, 8 levels left

rFire  . . .     SeeInvis .     b - +2 blowgun
rCold  . . .     Clarity  .     (armour unavailable)
rNeg   . . .     SustAt   .     (no shield)
rPois  +         Gourm    .     (helmet restricted)
rElec  .         Spirit   .     (no cloak)
rCorr  .         Warding  .     (no gloves)
rMut   .         Stasis   .     (no boots)
MR     .....                    (no amulet)
Stlth  ..........               k - ring of loudness (curse)
                                g - ring of poison resistance

@: not resistant to hostile enchantments, extremely unstealthy
A: unfitting armour, cold-blooded, AC +5
a: no special abilities


You were on level 3 of the Dungeon.
You were not hungry.

You visited 1 branch of the dungeon, and saw 3 of its levels.

You collected 132 gold pieces.

Inventory:

Hand Weapons
 b - a +2 blowgun (weapon)
 d - a +1 spear
Missiles
 j - 17 poisoned needles (quivered)
Jewellery
 g - a ring of poison resistance (left hand)
 k - a cursed ring of loudness (right hand)
 n - an uncursed ring of magical power
Scrolls
 f - a scroll of immolation
Books
 c - Iskenderun's Incunabulum of Virous Attacks

   Spells                             Type                      Level
   a - Sting                          Conjuration/Poison           1
   b - Mephitic Cloud                 Conjuration/Poison/Air       3


   Skills:
 * Level 1.3 Fighting
 + Level 1.0 Polearms
 + Level 1.3 Throwing
 * Level 2.0 Dodging
 + Level 1.0 Stealth
 + Level 3.0 Spellcasting
 + Level 1.0 Conjurations
   Level 2.0 Summonings
   Level 1.0 Fire Magic
 + Level 0.8 Poison Magic


You had 8 spell levels left.
You knew the following spells:

 Your Spells              Type           Power        Failure   Level  Hunger
a - Sting                 Conj/Pois      #...         17%         1    #......


Dungeon Overview and Level Annotations

Branches:
Dungeon (3/15)

Altars:
Dithmenos

Annotations:
D:3 Sigmund


Innate Abilities, Weirdness & Mutations

Your plain brown scales are hard (AC +5).
Your body does not fit into most forms of armour.
You are cold-blooded and may be slowed by cold attacks.


Message History

Aim: Sigmund, wielding a scythe and wearing a robe (heavily wounded)
The sting misses Sigmund.
Casting: Sting
Confirm with . or Enter, or press ? or * to list all spells.
Aiming: Sting
Press: ? - help, Shift-Dir - straight line, f/p - Sigmund
Aim: Sigmund, wielding a scythe and wearing a robe (heavily wounded)
The sting hits Sigmund.
Sigmund is poisoned.
Sigmund is heavily wounded.
Sigmund hits you from afar with a scythe!
* * * LOW HITPOINT WARNING * * *
Sigmund casts a spell at you. You resist with some effort.
You aren't carrying any potions.
Read which item? (? for menu, Esc to quit)
Okay, then.
Sigmund looks more healthy.
Sigmund points at you and mumbles some strange words.
The magic dart hits you!
You die...

#....###.#######.. #.#
#..((....# #.. #.#
#......<(# #..
#######.###@.......# #..
............##.##### #>.
..#.........##.# #.†
............##.#######..
.##........##.#........
#...@....##(.........
#..................§.
#..............#####§
#..............# ##..
......[.........# #.§.
....############## #...
..... #... ..... #...
#...


You could see Sigmund.

Vanquished Creatures
  Natasha (D:3)
  2 adders (D:2)
  A worm (D:2)
  A giant gecko (D:2)
  A ball python (D:1)
  3 giant cockroaches
  7 goblins
  5 hobgoblins
  3 kobolds
  A quokka (D:2)
  3 bats (D:2)
  10 rats
38 creatures vanquished.

Notes
Turn   | Place    | Note
--------------------------------------------------------------
     0 | D:1      | Urist the Draconian Wanderer began the quest for the Orb.
     0 | D:1      | Urist set off with: a curare-tipped needle, a +2 blowgun, Iskenderun's Incunabulum of Virous Attacks, a +0 spear, a bread ration
     0 | D:1      | Reached XP level 1. HP: 16/16 MP: 3/3
    24 | D:1      | Identified Iskenderun's Incunabulum of Virous Attacks
    26 | D:1      | Learned a level 1 spell: Sting
   140 | D:1      | Reached XP level 2. HP: 23/23 MP: 0/5
  1108 | D:2      | Reached XP level 3. HP: 17/28 MP: 0/7
  1456 | D:2      | Reached skill level 3 in Spellcasting
  1668 | D:3      | Noticed Natasha
  1683 | D:3      | Killed Natasha
  1683 | D:3      | Reached skill level 1 in Conjurations
  1683 | D:3      | Reached XP level 4. HP: 16/35 MP: 6/8
  1745 | D:3      | Found a shadowy altar of Dithmenos.
  1783 | D:3      | Noticed Sigmund
  1806 | D:3      | Killed from afar by Sigmund

Action                   |  1- 3 |  4- 6 || total
-------------------------+-------+-------++-------
Melee: Spear             |    89 |       ||    89
       Dagger            |     3 |       ||     3
 Fire: Blowgun           |     4 |    12 ||    16
 Cast: Sting             |    28 |     9 ||    37
  Use: Scroll            |     6 |       ||     6
       Potion            |     2 |       ||     2
  Eat: Chunk             |     2 |       ||     2
       Bread ration      |       |     1 ||     1
